 Dungeon Crawl Stone Soup version 0.21.1-1-g345015fe64 (webtiles) character file.

4825 Lentor the Carver (level 10, 0/92 HPs)
             Began as a Minotaur Berserker on June 9, 2018.
             Was an Elder of Trog.
             Succumbed to a queen bee's poison
             ... on level 8 of the Dungeon.
             The game lasted 00:14:48 (6273 turns).

Lentor the Carver (Minotaur Berserker)              Turns: 6273, Time: 00:14:48

Health: 0/92       AC: 16    Str: 24    XL:     10   Next: 25%
Magic:  9/9        EV:  9    Int:  4    God:    Trog [****..]
Gold:   503        SH:  5    Dex: 11    Spells: 9/9 levels left

rFire    . . .     SeeInvis .   a - +0 falchion
rCold    . . .     Gourm    .   u - +0 buckler
rNeg     . . .     Faith    .   z - +0 plate armour
rPois    .         Spirit   .   (helmet restricted)
rElec    .         Reflect  .   y - +0 cloak
rCorr    .         Harm     .   (no gloves)
MR       .....                  j - +0 pair of boots
Stlth    ..........             (no amulet)
HPRegen  0.25/turn              (no ring)
MPRegen  0.11/turn              (no ring)

@: lethally poisoned (0 -> -23), berserk cooldown, slowed, very slow
A: retaliatory headbutt, horns 2
a: Berserk, Trog's Hand, Brothers in Arms, Burn Spellbooks, Renounce Religion


You were on level 8 of the Dungeon.
You worshipped Trog.
Trog was greatly pleased with you.
You were near starving.

You visited 2 branches of the dungeon, and saw 9 of its levels.

You collected 503 gold pieces.

Inventory:

Hand Weapons
 a - a +0 falchion (weapon)
Armour
 j - a +0 pair of boots (worn)
 u - a +0 buckler (worn)
 y - a +0 cloak (worn)
 z - a +0 plate armour (worn)
Wands
 d - a wand of disintegration (12)
 w - a wand of enslavement (13)
 A - a wand of iceblast (5)
 B - a wand of random effects (13)
Scrolls
 g - a scroll of teleportation
 l - 6 scrolls of remove curse
Potions
 b - a potion of resistance
 e - 2 potions of ambrosia
 f - a potion of magic {unknown}
 i - 6 potions of agility
 k - 2 potions of cancellation
 n - 3 potions of degeneration {unknown}
 p - a potion of might {unknown}
 q - 2 potions of brilliance {unknown}
 s - 2 potions of flight {unknown}
 v - a potion of haste {unknown}
 x - 3 potions of curing {unknown}
Comestibles
 c - 12 rations
 h - 6 chunks of flesh


   Skills:
 + Level 9.6 Fighting
 + Level 11.7 Long Blades
 + Level 0.1 Throwing
 + Level 8.8 Armour
 + Level 4.7 Dodging
 + Level 0.6 Stealth
 + Level 4.4 Shields


You had 9 spell levels left.
You didn't know any spells.

Dungeon Overview and Level Annotations

Branches:
Dungeon (8/15)             Temple (1/1) D:4
   Lair: D:8-11

Altars:
Ashenzari
Cheibriados
Dithmenos
Elyvilon
Fedhas
Gozag
Hepliaklqana
Kikubaaqudgha
Makhleb
Nemelex Xobeh
Okawaru
Qazlal
Ru
Sif Muna
Trog
Uskayaw
Vehumet
Wu Jian
Xom
Yredelemnul
The Shining One


Innate Abilities, Weirdness & Mutations

You reflexively headbutt those who attack you in melee.
You have a pair of horns on your head.


Message History

The queen bee stings you.
* * * LOW HITPOINT WARNING * * *
You are more poisoned.
The queen bee poisons you! The queen bee barely misses you.
You furiously retaliate!
You headbutt the queen bee!
* * * LOW HITPOINT WARNING * * *
You feel very sick.
You hear an angry buzzing noise.
You swap places.
* * * LOW HITPOINT WARNING * * *
You feel very sick.
The killer bee rages.
Your ogre closely misses the queen bee.
The queen bee stings your ogre!
Your ogre hits the queen bee with a giant club!!
The queen bee dies!
Trog accepts your kill.
You hear an angry buzzing noise.
Okay, then.
Okay, then.
You die...

#ooZy.... #y# #y# #y#
. #y# . .# #.# # ..#
#O# # #..# #.# #
#...# #@# ##....# #.#
....... #.# .......
#.# >...... #.#
....... ####.####
#...... #.......#
##...## #.......#
#############.).....#


You could see 4 killer bees and a friendly ogre (berserk).

Vanquished Creatures
  Psyche (D:8)
  The ghost of Bapho the Skirmisher, an amateur OgMo of Cheibriados (D:4)
  Sigmund (D:4)
  2 hungry ghosts (D:8)
  Edmund (D:4)
  An ice beast (D:6)
  3 orc warriors
  2 sky beasts (D:7)
  A black bear (D:7)
  3 ogres
  3 phantoms
  3 centaurs
  Blork the orc (D:4)
  3 bullfrogs
  2 scorpions
  16 killer bees
  A howler monkey (D:8)
  A crimson imp (D:7)
  A bullfrog zombie (D:8)
  2 centaur zombies (D:7)
  5 orc priests
  A hound (D:6)
  4 orc wizards
  4 iguanas
  Natasha (thrice) (D:4)
  3 worker ants
  A hound zombie (D:6)
  A howler monkey zombie (D:6)
  2 worker ant zombies
  A howler monkey skeleton (D:4)
  13 adders
  10 gnolls
  A shadow imp (D:6)
  3 oozes
  2 adder zombies
  2 adder skeletons
  2 dart slugs (D:2)
  2 worms
  7 leopard geckos
  18 orcs
  2 ball pythons
  4 giant cockroaches
  15 goblins
  6 hobgoblins
  10 jackals
  4 quokkas
  9 bats
  3 frilled lizards
  7 kobolds
  10 rats
204 creatures vanquished.

Vanquished Creatures (collateral kills)
  A queen bee (D:8)
1 creature vanquished.

Grand Total: 205 creatures vanquished

Notes
Turn   | Place    | Note
-------+----------+-------------------------------------------
     0 | D:1      | Lentor the Minotaur Berserker began the quest for the Orb.
     0 | D:1      | Reached XP level 1. HP: 19/19 MP: 0/0
   173 | D:1      | Reached skill level 4 in Long Blades
   173 | D:1      | Reached XP level 2. HP: 19/27 MP: 1/1
   347 | D:1      | Reached XP level 3. HP: 33/33 MP: 2/2
   894 | D:2      | Found a bloodstained altar of Trog.
   962 | D:2      | Reached ** piety under Trog
  1053 | D:2      | Reached XP level 4. HP: 41/41 MP: 3/3
  1063 | D:2      | Found a sparkling altar of Nemelex Xobeh.
  1460 | D:3      | Found a faded altar of an unknown god.
  1470 | D:3      | Reached skill level 5 in Long Blades
  1630 | D:3      | Reached skill level 5 in Fighting
  1795 | D:3      | Reached XP level 5. HP: 47/48 MP: 4/4
  1918 | D:3      | Found a hazy altar of Hepliaklqana.
  1924 | D:3      | Found a deep blue altar of Sif Muna.
  2003 | D:4      | Noticed Natasha
  2007 | D:4      | Reached *** piety under Trog
  2020 | D:4      | Killed Natasha
  2061 | D:4      | Noticed Bapho's ghost (amateur OgMo)
  2062 | D:4      | Noticed a phantom
  2074 | D:4      | Killed Bapho's ghost
  2074 | D:4      | Reached skill level 7 in Long Blades
  2074 | D:4      | Reached skill level 1 in Shields
  2074 | D:4      | Reached XP level 6. HP: 56/56 MP: 5/5
  2080 | D:4      | Reached XP level 7. HP: 55/61 MP: 6/6
  2151 | D:4      | Noticed Edmund
  2167 | D:4      | Killed Edmund
  2399 | D:4      | Noticed Sigmund
  2409 | D:4      | Noticed Blork the orc
  2410 | D:4      | Killed Sigmund
  2410 | D:4      | Reached skill level 8 in Long Blades
  2410 | D:4      | Reached skill level 5 in Armour
  2420 | D:4      | Killed Blork the orc
  2454 | D:4      | Noticed Natasha
  2473 | D:4      | Killed Natasha
  2496 | D:4      | Found a staircase to the Ecumenical Temple.
  2526 | D:4      | Noticed Natasha
  2530 | D:4      | Killed Natasha
  2836 | D:5      | Entered Level 5 of the Dungeon
  2852 | D:5      | Reached XP level 8. HP: 70/70 MP: 7/7
  2889 | Temple   | Entered the Ecumenical Temple
  3246 | D:5      | Reached **** piety under Trog
  3310 | D:5      | Found an ancient bone altar of Kikubaaqudgha.
  3604 | D:6      | Reached skill level 9 in Long Blades
  4306 | D:6      | Reached skill level 10 in Long Blades
  5013 | D:7      | Reached XP level 9. HP: 79/79 MP: 8/8
  5136 | D:7      | Found a white marble altar of Elyvilon.
  5267 | D:7      | Found a basalt altar of Yredelemnul.
  5351 | D:7      | HP: 1/81 [orc priest/divine providence (13)]
  5969 | D:7      | Found a burning altar of Makhleb.
  6035 | D:8      | Noticed Psyche
  6043 | D:8      | Killed Psyche
  6043 | D:8      | Reached skill level 11 in Long Blades
  6055 | D:8      | Received a gift from Trog
  6113 | D:8      | Reached ***** piety under Trog
  6116 | D:8      | Reached XP level 10. HP: 65/91 MP: 9/9
  6272 | D:8      | HP: 4/91 [poisoned by a queen bee]
  6273 | D:8      | Succumbed to a queen bee's poison

Skill      XL: |  1  2  3  4  5  6  7  8  9 |
---------------+----------------------------+-----
Long Blades    | 4 5 7 8 10 11 | 11.7
Fighting       | 4 5 7 9 |  9.6
Dodging        | 3 4 |  4.7
Armour         | 4 5 6 8 |  8.8
Shields        | 1 3 4 |  4.4
Throwing       | |  0.1
Stealth        | |  0.6

Action                   |  1- 3 |  4- 6 |  7- 9 | 10-12 || total
-------------------------+-------+-------+-------+-------++-------
Melee: Falchion          |    54 |   102 |   381 |    61 ||   598
       Headbutt          |    13 |    12 |    92 |    18 ||   135
Throw: Stone             |       |       |     6 |       ||     6
Invok: Berserk           |     1 |     2 |     4 |     1 ||     8
       Brothers in Arms  |       |       |       |     2 ||     2
       Burn Spellbooks   |       |       |       |     1 ||     1
  Use: Scroll            |       |       |    13 |       ||    13
  Eat: Chunk             |       |     5 |    10 |     4 ||    19
       Ration            |       |       |     2 |       ||     2
Armor: Animal skin       |     5 |       |       |       ||     5
       Scale mail        |     7 |    37 |       |       ||    44
       Skin              |       |    40 |     5 |       ||    45
       Plate armour      |       |     5 |   183 |    35 ||   223
Dodge: Dodged            |    37 |    56 |   136 |    36 ||   265
Block: Buckler           |       |    14 |    58 |    13 ||    85
       Rpst.: Falchion   |    11 |    11 |    36 |    11 ||    69
